[Event "FIN-ch Women 2018"]
[Site "Helsinki"]
[Date "2018.06.19"]
[Round "9"]
[White "Nazarova, Anastasia"]
[Black "Walta, Paivi"]
[Result "1/2-1/2"]
[ECO "B36"]
[WhiteElo "2137"]
[BlackElo "1634"]
[Annotator "NA"]
[PlyCount "107"]
[EventDate "2018.06.13"]
[EventType "tourn"]
[EventCountry "FIN"]
[SourceTitle "playchess.com"]
[Source "ChessBase"]
[SourceQuality "1"]
[TimeControl "40/5400+30:1800+30"]

1. e4 c5 2. Nf3 Nc6 3. d4 cxd4 4. Nxd4 g6 5. c4 Nf6 6. Nc3 d6 7. Be2 Bg7 8. Be3 O-O 9. O-O Bd7 10. Qd2 Ng4 11. Bxg4 Bxg4 12. f3 Bd7 13. Rfd1 b6 {[%emt 0:04:05] B38: Sicilian: Maroczy Bind with 5...Bg7 and 7...0-0} (13... a6 14. Nd5 Rc8 15. Rac1 Nxd4 16. Bxd4 Bxd4+ 17. Qxd4 Be6 18. Re1 Re8 19. Nf4 Bd7 20. e5 dxe5 21. Rxe5 {½-½ (35) Mareco,S (2625)-Pascua,H (2427) Dubai 2016}) 14. Rac1 a5 $146 ({Predecessor:} 14... Rc8 15. b3 Re8 16. Nd5 Nxd4 17. Bxd4 Bxd4+ 18. Qxd4 Bc6 19. Ne3 Qc7 20. b4 Red8 21. a3 {½-½ (56) Wieczorek,O (2353)-Tworzydlo,P (2153) Wroclaw 2013}) 15. Ndb5 Rb8 16. Qf2 Ne5 17. b3 Bc6 18. Nd5 Bxb5 (18... Nd7 $16) 19. cxb5 Nd7 20. Rc6 Nc5 21. a4 Rb7 22. Nxb6 Rxb6 23. Bxc5 Rxc6 24. bxc6 Qc8 25. Bb6 Qxc6 26. Bxa5 Rb8 27. Rd3 Qc1+ 28. Be1 Bh6 $14 (28... Rc8 $11 29. Qe2 Qb1) 29. Qe2 Rc8 30. Rd1 Qa3 31. Qd3 Qa2 32. Bd2 Rc2 33. f4 Rb2 34. b4 Qxa4 35. Rc1 Qa2 36. Qh3 Rxd2 37. Qxh6 Rc2 38. f5 Qb2 39. Rxc2 Qxc2 40. Qh4 Qb2 41. h3 Qxb4 42. Qxe7 Qd4+ 43. Kh1 Qa1+ 44. Kh2 Qe5+ 45. Qxe5 dxe5 46. g4 f6 47. Kg3 Kf7 48. h4 h6 49. fxg6+ Kxg6 50. Kf3 Kf7 51. Kf2 Ke6 52. Ke3 Kf7 53. Kf3 Ke6 54. Kg3 1/2-1/2

[Event "FIN-ch Women 2018"]
[Site "Helsinki"]
[Date "2018.06.19"]
[Round "9"]
[White "Dannenberg, Alia"]
[Black "Turunen, Tiina"]
[Result "1/2-1/2"]
[ECO "B10"]
[WhiteElo "1934"]
[BlackElo "1665"]
[Annotator "NA"]
[PlyCount "57"]
[EventDate "2018.06.13"]
[EventType "tourn"]
[EventCountry "FIN"]
[SourceTitle "playchess.com"]
[Source "ChessBase"]
[SourceQuality "1"]
[TimeControl "40/5400+30:1800+30"]

1. e4 c6 2. d3 d5 3. Nd2 dxe4 4. dxe4 e5 5. Ngf3 Bg4 6. h3 {[%emt 0:02:19] B10: Caro-Kann: 2 d3 and 2 c4} Bxf3 7. Qxf3 Nf6 8. g3 Bc5 9. Bg2 O-O 10. O-O Nbd7 11. Nc4 (11. a4 a5 12. Nc4 Qe7 13. Bd2 b6 14. Rfd1 Rfd8 15. h4 Nf8 16. Bc3 N6d7 17. Rd3 f6 18. Ne3 Bxe3 19. Qxe3 Nc5 20. Rxd8 Qxd8 {½-½ (100) Efimenko,Z (2643)-Lewtak,D (2341) Warsaw 2017}) 11... Qc7 12. Bg5 $146 ({Predecessor:} 12. h4 Ne8 13. Bh3 Nb6 14. Ne3 Nd6 15. Ng4 Qe7 16. Ne3 Nbc4 17. Nxc4 Nxc4 {0-1 (40) Schlemermeyer,W (2313)-Meister,J (2500) Berlin 2003}) 12... h6 13. Be3 b5 14. Nd2 Rad8 15. Nb3 Bb6 16. a4 a6 17. Qe2 Rfe8 18. Rfd1 Re6 19. axb5 axb5 20. Ra6 Bxe3 21. Qxe3 Rd6 22. Rda1 Nb8 23. Ra7 Qc8 24. Qe2 R6d7 25. h4 Rxa7 26. Rxa7 Nbd7 27. Nc1 Qb8 28. Ra3 $11 Nb6 29. Rd3 1/2-1/2

[Event "FIN-ch Women 2018"]
[Site "Helsinki"]
[Date "2018.06.19"]
[Round "9"]
[White "Al Najar, Huda"]
[Black "Al-Hamoud, Lyal"]
[Result "1-0"]
[ECO "C44"]
[WhiteElo "1719"]
[BlackElo "1382"]
[Annotator "NA"]
[PlyCount "51"]
[EventDate "2018.06.13"]
[EventType "tourn"]
[EventCountry "FIN"]
[SourceTitle "playchess.com"]
[Source "ChessBase"]
[SourceQuality "1"]
[TimeControl "40/5400+30:1800+30"]

1. e4 e5 2. Nf3 Nc6 3. c3 a6 4. Bc4 Bc5 5. O-O d6 6. d4 Ba7 7. dxe5 dxe5 8. Qb3 Qe7 9. Bd5 Qf6 10. Bg5 Qg6 11. Bxc6+ Qxc6 12. Rd1 f6 13. Bh4 Qxe4 14. Nbd2 Qc6 15. Nxe5 fxe5 16. Nf3 Nf6 17. Nxe5 Qe6 18. Qa3 Bd7 19. Nxd7 Qf7 20. Nxf6+ gxf6 21. Re1+ Kd8 22. Rad1+ Kc8 23. Re7 Qg6 24. Qa4 c6 25. Qb4 c5 26. Qxb7# 1-0

[Event "FIN-ch Women 2018"]
[Site "Helsinki"]
[Date "2018.06.19"]
[Round "9"]
[White "Pelander, Pauliina"]
[Black "Norlamo, Sarabella"]
[Result "0-1"]
[ECO "A00"]
[WhiteElo "1610"]
[BlackElo "1847"]
[Annotator "NA"]
[PlyCount "91"]
[EventDate "2018.06.13"]
[EventType "tourn"]
[EventCountry "FIN"]
[SourceTitle "playchess.com"]
[Source "ChessBase"]
[SourceQuality "1"]
[TimeControl "40/5400+30:1800+30"]

1. b4 e5 2. Bb2 Bxb4 3. Bxe5 Nf6 4. e3 Nc6 5. Bb2 {[%emt 0:00:33] LiveBook: 8 Games} d5 6. Be2 Bf5 7. h4 Be7 8. Nh3 Qd7 9. f3 $19 ({Günstiger ist} 9. Nf4 $15) 9... h6 10. g4 Be6 11. Nf2 d4 12. e4 Bd6 13. c3 Bg3 14. Qc2 O-O-O 15. d3 dxc3 16. Nxc3 Nb4 17. Qd2 Nxd3+ 18. Bxd3 Qxd3 19. Qxd3 Bxf2+ 20. Kxf2 Rxd3 21. Rab1 Rhd8 22. Rhc1 a6 23. Ba3 Rd2+ 24. Kg3 Bxa2 25. Ra1 Be6 26. e5 Nd5 27. Ne4 Rd3 28. Bc5 f5 29. Nf2 f4+ 30. Kg2 Rd2 31. Kg1 Ne3 32. Bd6 Bc4 33. Bb4 Rc2 34. Re1 Re2 35. Rec1 Bd5 36. Bd6 Nc2 37. Ra5 Bc6 38. Bc5 Re1+ 39. Rxe1 Nxe1 40. Nh3 Nxf3+ 41. Kf2 Rd2+ 42. Kf1 Bb5+ 43. Rxb5 axb5 44. Nxf4 Nxe5 45. Bf8 Nxg4 46. Ke1 0-1

[Event "FIN-ch Women 2018"]
[Site "Helsinki"]
[Date "2018.06.19"]
[Round "9"]
[White "Ristoja, Aulikki"]
[Black "Al Argha, Fatima"]
[Result "0-1"]
[ECO "C26"]
[WhiteElo "1565"]
[BlackElo "1436"]
[Annotator "NA"]
[PlyCount "90"]
[EventDate "2018.06.13"]
[EventType "tourn"]
[EventCountry "FIN"]
[SourceTitle "playchess.com"]
[Source "ChessBase"]
[SourceQuality "1"]
[TimeControl "40/5400+30:1800+30"]

1. Nc3 e5 2. e4 Nf6 3. Bc4 Bc5 4. d3 h6 5. h3 Nc6 6. a3 d6 7. Na4 Bb6 8. Nxb6 axb6 9. Ne2 O-O 10. f4 Be6 11. Bxe6 fxe6 12. O-O Qe8 13. Bd2 Nh5 14. g4 Nxf4 15. Nxf4 exf4 16. Bxf4 e5 17. Be3 Qg6 18. Qe2 Qe6 19. Rf5 g6 20. Rxf8+ Rxf8 21. Bxh6 Rf7 22. Rf1 Nd4 23. Qg2 Qe7 24. c3 Ne6 25. Bd2 Rh7 26. g5 Rh5 27. Rf6 Kg7 28. Qg4 Nxg5 29. Bxg5 Rxg5 30. Qxg5 Qxf6 31. Qxf6+ Kxf6 32. Kg2 Kg5 33. Kg3 Kh5 34. d4 g5 35. b4 b5 36. Kf3 Kh4 37. Kg2 g4 38. dxe5 gxh3+ 39. Kh2 dxe5 40. Kh1 Kg3 41. Kg1 h2+ 42. Kh1 Kf3 43. Kxh2 Kxe4 44. Kg2 Kd3 45. Kf2 e4 0-1